 Dungeon Crawl Stone Soup version 0.31-a0-240-gb923e448b6 (webtiles) character file.

Game seed: 1558190610315605003

93 qw the Shooter (level 4, -1/36 HPs)
             Began as a Minotaur Hexslinger on July 11, 2023.
             Slain by an orc
             ... wielding a +0 club
              (3 damage)
             ... on level 2 of the Dungeon.
             The game lasted 00:00:33 (1155 turns).

qw the Shooter (Minotaur Hexslinger)                Turns: 1155, Time: 00:00:34

Health: -1/36      AC:  5    Str: 12    XL:     4   Next: 36%
Magic:  4/4        EV: 11    Int: 10    God:
Gold:   20         SH:  0    Dex: 15    Spells: 4/5 levels left

rFire   . . .        Y - +1 sling
rCold   . . .        (no shield)
rNeg    . . .        b - +0 ring mail
rPois   .            (helmet restricted)
rElec   .            (no cloak)
rCorr   .            (no gloves)
SInv    .            (no boots)
Will    .....        (no amulet)
Stlth   +            (no ring)
HPRegen 0.26/turn    (no ring)
MPRegen 0.09/turn

%: no passive effects
@: no status effects
A: horns 2, retaliatory headbutt
a: no special abilities


You were on level 2 of the Dungeon.
You visited 1 branch of the dungeon, and saw 3 of its levels.

You collected 20 gold pieces.


Innate Abilities, Weirdness & Mutations

You have a pair of horns on your head.
You reflexively headbutt those who attack you in melee.


   Skills:
 - Level 2.0 Fighting
 + Level 4.3 Ranged Weapons
 - Level 2.1 Armour
 - Level 2.1 Dodging
 - Level 1.0 Spellcasting
 - Level 2.0 Hexes


You had 4 spell levels left.
You knew the following spells:

 Your Spells              Type           Power      Damage    Failure   Level
a - Slow                  Hex            16%        N/A       32%         1

Your spell library contained the following spells:

 Spells                   Type           Power      Damage    Failure   Level
 Inner Flame              Hex/Fire       2%         N/A       83%         3
 Portal Projectile        Hex/Tloc       4%         N/A       83%         3
 Cause Fear               Hex            2%         N/A       97%         4

Inventory:

Hand Weapons
 Y - a +1 sling (weapon)
Armour
 b - a +0 ring mail (worn)
Scrolls
 a - a scroll of identify
Potions
 e - a potion of haste
 f - a potion of curing

Dungeon Overview and Level Annotations

Branches:
Dungeon (3/15)

Altars:
Trog


Message History

Enter note:
Enter note:
Enter note:
Enter note:
Enter note:
Enter note:
Enter note:
Enter note: You shoot a sling bullet.
The sling bullet barely misses the orc priest.
The orc hits you with a +0 club.
The orc priest hits you but does no damage.
You shoot a sling bullet. The sling bullet hits the orc priest.
The orc priest is moderately wounded.
The orc hits you but does no damage. The orc priest hits you with a +0 club.
You shoot a sling bullet. The sling bullet hits the orc priest.
The orc priest is heavily wounded.
The orc priest hits you with a +0 club. The orc hits you with a +0 club.
The orc priest closely misses you. The orc hits you with a +0 club.
You shoot a sling bullet.
The sling bullet barely misses the orc priest.
The orc hits you with a +0 club. The orc priest hits you with a +0 club.
You shoot a sling bullet.
The sling bullet barely misses the orc priest.
The orc priest invokes the aid of Beogh against you.
You barely resist. The orc hits you with a +0 club.
You shoot a sling bullet. The sling bullet hits the orc priest.
The orc priest is severely wounded.
The orc hits you but does no damage. The orc priest misses you.
You furiously retaliate!
You headbutt the orc priest!
You kill the orc priest!
The orc barely misses you.
Your Armour skill gained 2 levels and is now at level 2!
You have reached level 4!
You feel agile.
You shoot a sling bullet. The sling bullet barely misses the orc.
The orc hits you with a +0 club.
You shoot a sling bullet. The sling bullet hits the orc.
The orc is lightly wounded.
The orc hits you with a +0 club.
You die...

#.###.#.#.))..########.#
#.##..#.###.##.#.......##
#.##.##.# #.#.#..####.#.##
#.##.##.###..###.##..###.#
#........#..........#.#.##
##.#.#.........#.#..#..#####
#.#.#...##.##.#....#.####.###
#####.#....####.#)#<.....###.#.##
....#.####.# ###@...<..####.###.#
###.#.####.###.o...........## ##.
#.#......##...#####..#..## ##
#.#########...# #..#...## ##. #.#
#...# #..##.#.###.# ###.####
#...# #..##.#..#.## .>.....#
#...# #.........### .##.##.#
#...# ####...##.###
.#..##.######...########...##.##.


You could see an orc.

Vanquished Creatures
  An orc priest (D:2)
  2 dart slugs
  An orc (D:3)
  10 bats
  4 endoplasms
  2 giant cockroaches
  5 goblins
  2 hobgoblins (D:2)
  3 jackals (D:1)
  6 kobolds
  6 ball pythons
  6 frilled lizards
  6 rats
54 creatures vanquished.

Notes
Turn   | Place    | Note
-------+----------+-------------------------------------------
     0 | D:1      | qw the Minotaur Hexslinger began the quest for the Orb.
     0 | D:1      | Reached XP level 1. HP: 16/16 MP: 1/1
     0 | D:1      | 0 ||| qw: Version: 0.3-a-52-g30416fa
     0 | D:1      | 0 ||| qw: Game counter: 6005
     0 | D:1      | 0 ||| qw: Melee chars always use a shield: true
     0 | D:1      | 0 ||| qw: God list: Okawaru
     0 | D:1      | 0 ||| qw: Allow faded altars: false
     0 | D:1      | 0 ||| qw: Do Orc after clearing Dungeon:15 true
     0 | D:1      | 0 ||| qw: Do second Lair branch before Depths: true
     0 | D:1      | 0 ||| qw: Lair rune preference: random
     0 | D:1      | 0 ||| qw: Goals: Normal
     0 | D:1      | 0 ||| PLANNING D:1-11
    65 | D:1      | 65 ||| Stepping ~*~*~tactically~*~*~ (outnumbered).
    92 | D:1      | Reached skill level 3 in Ranged Weapons
    92 | D:1      | Reached XP level 2. HP: 23/23 MP: 2/2
   328 | D:1      | Reached XP level 3. HP: 19/29 MP: 3/3
   488 | D:1      | 488 ||| UPGRADING to +0 leather armour.
   498 | D:1      | 498 ||| DROPPING +0 robe.
   499 | D:1      | 499 ||| READING scroll labelled DYIFFE QYEKH.
   500 | D:1      | 500 ||| READING scroll labelled KEEPOFFYPS.
   501 | D:1      | 501 ||| DROPPING scroll of poison.
   724 | D:2      | Found a bloodstained altar of Trog.
   748 | D:2      | Reached skill level 4 in Ranged Weapons
   934 | D:2      | 934 ||| FLEEEEING.
   935 | D:2      | 935 ||| FLEEEEING.
   936 | D:2      | 936 ||| FLEEEEING.
  1101 | D:2      | 1101 ||| UPGRADING to +0 ring mail.
  1111 | D:2      | 1111 ||| DROPPING +0 leather armour.
  1112 | D:2      | 1112 ||| READING 3 scrolls of identify.
  1112 | D:2      | 1112 ||| IDENTIFYING fuming yellow potion
  1113 | D:2      | 1113 ||| READING 2 scrolls of identify.
  1113 | D:2      | 1113 ||| IDENTIFYING red potion
  1146 | D:3      | 1146 ||| STAIRDANCE
  1151 | D:2      | HP: 5/29 [orc priest/+0 club (3)]
  1152 | D:2      | HP: 2/29 [orc/+0 club (4)]
  1154 | D:2      | Reached XP level 4. HP: 3/36 MP: 4/4
  1155 | D:2      | Slain by an orc

Levels and vault maps discovered:
D:1:      dpeg_arrival_three_same_balls, layout_basic
D:2:      layout_loops_cross, basic_altar
D:3:      layout_basic, led_sif_book

Skill      XL: |  1  2  3 |
---------------+----------+-----
Ranged Weapons | 3 4 |  4.3
Fighting       | 2 |  2.0
Armour         | 2 |  2.1
Dodging        | |  2.1
Spellcasting   | |  1.0
Hexes          | |  2.0

Action                     |  1- 3 |  4- 6 || total
---------------------------+-------+-------++-------
   Fire: Sling             |   120 |     2 ||   122
    Use: Scroll            |     4 |       ||     4
 Armour: Robe              |     5 |       ||     5
         Ring mail         |     4 |       ||     4
         Leather armour    |     2 |       ||     2
  Dodge: Dodged            |    36 |       ||    36

Table legend:
 A = Non-vault XP
 B = Vault XP
 C = Vault XP percentage of total XP
 D = Non-vault monster count
 E = Vault monster count
 F = Vault count percentage of total count
                 A         B        C        D         E       F
            +---------+---------+-------+---------+---------+-------
      Total |     133 |       0 |   0.0 |      54 |       0 |   0.0
            +---------+---------+-------+---------+---------+-------
        D:1 |      48 |       0 |   0.0 |      29 |       0 |   0.0
        D:2 |      81 |       0 |   0.0 |      23 |       0 |   0.0
        D:3 |       4 |       0 |   0.0 |       2 |       0 |   0.0
            +---------+---------+-------+---------+---------+-------
